AoeStats
← Lic. VELEZ Y VINO

Nomad

510185552Analyzed
4v4 RM · 4d ago on Sep 29, 2026· 25m 46s· 8 players
Game mode
Random Map
Map size
231×231
Population
200
Speed
Normal
Resources
Standard
Victory
Conquest
Starting age
Dark Age
Ending age
Imperial Age
RankedLock teamsTeams togetherTeam positionsShared explorationLock speedFull tech treeHidden civsTurbo modeCheats
Victory
Defeat
🇦🇺 Italians · Australia
1896
+8
🇬🇧 Burmese · United Kingdom
1840
+10
🇫🇷 Britons · France
1793
+12
🇦🇷 Bohemians · Argentina
1783
+12
🇦🇷 Khitans · Argentina
1731
-12
🇦🇷 Saracens · Argentina
1721
-11
🇦🇷 Romans · Argentina
1703
-10
🇦🇷 Khmer · Argentina
1672
-9
Crouch
5:08 Loom
13:44 Feudal Age
17:33 Castle Age
16:26 Fishing Lines
19:22 Wheelbarrow
19:42 Gillnets
21:51 Padded Archer Armor
22:51 Gold Mining
23:39 Town Watch
Djo
5:45 Loom
12:42 Feudal Age
17:59 Castle Age
16:08 Fishing Lines
18:13 Double-Bit Axe
19:17 Medium Warships
21:42 Bow Saw
24:24 Forging
25:02 Clinker Construction
25:52 Horse Collar
0653599
10:01 Loom
13:00 Feudal Age
18:23 Castle Age
16:36 Fletching
19:05 Bodkin Arrow
18:32 Crossbowman
atamispeed754
6:04 Loom
13:33 Feudal Age
14:06 Double-Bit Axe
17:06 Castle Age
15:59 Fishing Lines
17:01 Fletching
20:38 Medium Warships
21:44 Bodkin Arrow
24:32 Bow Saw
25:01 Wheelbarrow
26:33 Fervor
Buchi
4:53 Loom
13:46 Feudal Age
18:17 Castle Age
17:12 Fletching
18:18 Crossbowman
19:25 Bodkin Arrow
B.R Matias
11:22 Loom
13:26 Feudal Age
17:35 Castle Age
20:28 Wheelbarrow
24:51 Double-Bit Axe
Q
9:10 Loom
12:09 Feudal Age
14:55 Castle Age
13:34 Double-Bit Axe
17:22 Bow Saw
21:01 Town Watch
21:38 Horse Collar
26:39 Wheelbarrow
Lic. VELEZ Y VINO
4:10 Loom
12:14 Feudal Age
12:51 Double-Bit Axe
21:15 Castle Age
20:08 Forging
22:21 Medium Warships
22:26 Bow Saw
26:24 Wheelbarrow
25:39 Fishing Lines
Connection lost

Rejoining the realm…

Still unreachable

The connection could not be restored.

Session expired

The server has moved on; the page needs a fresh start.